BUFFALO vs PHILADELPHIA

Created - February-22-21 at 13:23

Goals
1 2 3 T
BUFFALO 1 1 0 2
PHILADELPHIA 1 2 1 4
Shots
1 2 3 T
BUFFALO 13 4 8 25
PHILADELPHIA 8 10 12 30

1st period

1. BUFFALO , Matt Grzelcyk 2 (Alex Killorn 9, Marco Scandella 2) at 1:45
2. PHILADELPHIA , Travis Sanheim 1 (Tyler Ennis 4, Richard Panik 6) at 3:23

Penalties :
Korbinian Holzer (PHI) for Cross-checking (Minor) at 3:44, Valtteri Filppula (PHI) for Roughing (Minor) at 12:13, Brad Marchand (BUF) for Hooking (Minor) at 12:13

2nd period

3. PHILADELPHIA , Anthony Cirelli 6 (Adam Pelech 10, Andre Burakovsky 6) at 3:51
4. BUFFALO , Phil Kessel 5 (Roman Josi 21, Brad Marchand 11) at 5:56 (PP)
5. PHILADELPHIA , Anthony Cirelli 7 (Travis Sanheim 12, Adam Pelech 11) at 8:26 (PP)

Penalties :
Tyler Pitlick (PHI) for Hooking (Minor) at 5:40, Roman Josi (BUF) for Slashing (Minor) at 7:03, Erik Gudbranson (PHI) for Tripping (Minor) at 9:45, Brad Marchand (BUF) for Roughing (Minor) at 15:17

3rd period

6. PHILADELPHIA , Valtteri Filppula 4 (Tyler Ennis 5, Michael Stone 8) at 18:43

Penalties :
Noel Acciari (BUF) for Cross-checking (Minor) at 4:57, Tyler Ennis (PHI) for Hooking (Minor) at 19:21

Goalie Stats

Alex Stalock (BUF), 26 saves from 30 shots - (0.867), L, 3-3-0, 60:00 minutes
Anthony Stolarz (PHI), 23 saves from 25 shots - (0.920), W, 1-3-0, 60:00 minutes

Players Stats for BUFFALO

Player Name              G  A  P  +/- PIM S  H  SB GA TA FO     MP     PP MP  PK MP  
------------------------------------------------------------------------------------
Alex Killorn             0  1  1   1  0   1  2  0  0  0  0/1    11:17   0:00   0:00 
Brad Marchand            0  1  1  -2  4   4  3  0  0  0  1/2    20:41   3:00   2:13 
Carl Hagelin             0  0  0   1  0   0  1  0  0  0  0/0    14:37   0:00   2:43 
Charlie Coyle            0  0  0  -1  0   2  1  0  0  0  1/4    15:07   1:52   0:00 
Drew Doughty             0  0  0  -1  0   0  1  4  0  0  0/0    25:46   2:49   3:15 
Eric Staal               0  0  0   1  0   3  0  0  0  0  13/18  16:32   1:52   2:01 
Frank Vatrano            0  0  0   0  0   0  1  0  0  0  0/0     7:46   0:00   0:00 
James van Riemsdyk       0  0  0  -1  0   2  0  0  0  0  1/1    15:44   1:52   0:00 
Jordan Staal             0  0  0  -1  0   1  0  0  0  0  12/19  17:19   0:00   2:42 
Marco Scandella          0  1  1   1  0   0  2  2  0  0  0/0    15:16   0:00   0:14 
Matt Duchene             0  0  0  -2  0   0  0  0  0  0  16/22  18:30   3:00   0:00 
Matt Grzelcyk            1  0  1   1  0   2  1  1  0  0  0/0    15:16   0:00   0:14 
Noah Hanifin             0  0  0  -2  0   0  3  1  0  0  0/0    20:07   2:03   3:01 
Noel Acciari             0  0  0   0  2   2  0  0  0  0  5/6     8:20   0:00   0:35 
Ondrej Kase              0  0  0   0  0   3  0  0  0  0  0/0     7:46   0:00   0:00 
Phil Kessel              1  0  1  -2  0   5  0  0  0  0  1/2    18:58   3:00   0:28 
Roman Josi               0  1  1  -1  2   0  0  0  0  0  0/0    24:36   2:49   2:06 
Shea Theodore            0  0  0  -2  0   0  0  0  0  0  0/0    18:58   2:03   1:52 

Players Stats for PHILADELPHIA

Player Name              G  A  P  +/- PIM S  H  SB GA TA FO     MP     PP MP  PK MP  
------------------------------------------------------------------------------------
Adam Pelech              0  2  2   2  0   0  4  1  0  0  0/0    23:53   3:14   2:24 
Andre Burakovsky         0  1  1   1  0   2  2  0  0  0  1/2    22:38   2:58   3:18 
Andy Andreoff            0  0  0   0  0   1  0  0  0  0  2/5     8:11   0:00   0:13 
Anthony Cirelli          2  0  2   1  0   5  1  0  0  0  8/30   22:38   2:58   3:18 
Eeli Tolvanen            0  0  0   0  0   0  0  0  0  0  0/1     7:58   0:00   0:00 
Erik Gudbranson          0  0  0   1  2   0  0  0  0  0  0/0    21:18   2:07   1:37 
Jack Hughes              0  0  0  -1  0   4  0  0  0  0  2/14   11:46   0:00   0:00 
Korbinian Holzer         0  0  0  -1  2   1  0  0  0  0  0/0    14:21   0:00   0:25 
Lias Andersson           0  0  0   0  0   0  0  0  0  0  1/1     7:58   0:00   0:00 
Michael Stone            0  1  1   1  0   0  0  2  0  0  0/0    21:57   2:07   2:15 
Mikko Lehtonen           0  0  0  -1  0   0  1  0  0  0  0/0    14:36   0:00   0:39 
Nikita Gusev             0  0  0   1  0   1  1  0  0  0  1/3    19:50   2:58   1:21 
Otto Koivula             0  0  0  -1  0   3  0  0  0  0  1/1    11:59   0:00   0:13 
Richard Panik            0  1  1   2  0   1  2  0  0  0  2/2    15:30   2:23   0:00 
Travis Sanheim           1  1  2   2  0   2  0  1  0  0  0/0    23:53   3:14   2:24 
Tyler Ennis              0  2  2   2  2   5  1  0  0  0  0/0    15:29   2:23   0:00 
Tyler Pitlick            0  0  0  -1  2   4  3  0  0  0  0/0    12:19   0:00   0:00 
Valtteri Filppula        1  0  1   2  2   1  0  0  0  0  7/16   16:50   2:23   1:21 

3 Stars

1 - Anthony Cirelli (PHI)
2 - Adam Pelech (PHI)
3 - Travis Sanheim (PHI)

Power Play

BUFFALO - 1 on 4 Attempt(s) - 25.00%
PHILADELPHIA - 1 on 3 Attempt(s) - 33.33%

Penalty Kill

BUFFALO - 2 on 3 Attempt(s) - 66.67% - Score 0 goal in Penalty Kill
PHILADELPHIA - 3 on 4 Attempt(s) - 75.00% - Score 0 goal in Penalty Kill

Team Stat

BUFFALO - Hits : 15 - Faceoff Wins : 50 - Blocked Shots : 8 - Penalty Minutes : 8
PHILADELPHIA - Hits : 15 - Faceoff Wins : 25 - Blocked Shots : 4 - Penalty Minutes : 10

Official

Referees : Gord Dwyer and Pierre Lambert
Linesman : Jonny Murray and Devin Berg

Game Notes

No Game Note

Finance

Level 1 -- Attendance: 4407 (73.45%) -- Ticket Income $440,700
Level 2 -- Attendance: 3721 (74.42%) -- Ticket Income $223,260
Level 3 -- Attendance: 1997 (99.85%) -- Ticket Income $69,895
Level 4 -- Attendance: 3612 (90.30%) -- Ticket Income $72,240
Luxury Box -- Attendance: 704 (70.40%) -- Ticket Income $140,800
Game was played at the Wells Fargo Center.
Total Attendance: 14441 (80.23%)
Total Ticket Income: $946,895
Total Income: $946,895

BUFFALO

5 vs 5 Forward 
   Center                   Left Wing                Right Wing               Time % Phy DF OF 
 1 Matt Duchene             Brad Marchand            Phil Kessel              35     1   2  2  
 2 Jordan Staal             James van Riemsdyk       Charlie Coyle            30     1   2  2  
 3 Eric Staal               Alex Killorn             Carl Hagelin             25     1   2  2  
 4 Noel Acciari             Frank Vatrano            Ondrej Kase              10     1   2  2  

5 vs 5 Defense 
   Defense                  Defense                                           Time % Phy DF OF 
 1 Roman Josi               Drew Doughty                                      35     1   2  2  
 2 Noah Hanifin             Shea Theodore                                     30     1   2  2  
 3 Marco Scandella          Matt Grzelcyk                                     25     1   2  2  
 4 Roman Josi               Drew Doughty                                      10     1   2  2  

PowerPlay Forward 
   Center                   Left Wing                Right Wing               Time % Phy DF OF 
 1 Matt Duchene             Brad Marchand            Phil Kessel              60     1   2  2  
 2 Eric Staal               James van Riemsdyk       Charlie Coyle            40     1   2  2  

PowerPlay Defense
   Defense                  Defense                                           Time % Phy DF OF 
 1 Roman Josi               Drew Doughty                                      60     1   2  2  
 2 Noah Hanifin             Shea Theodore                                     40     1   2  2  

Penalty Kill 4 Players Forward 
   Center                   Wing                     Time % Phy DF OF 
 1 Jordan Staal             Brad Marchand            60     1   2  2  
 2 Noel Acciari             Carl Hagelin             40     1   2  2  

Penalty Kill 4 Players Defense
   Defense                  Defense                  Time % Phy DF OF 
 1 Roman Josi               Drew Doughty             60     1   2  2  
 2 Noah Hanifin             Shea Theodore            40     1   2  2  

Penalty Kill - 3 Players Forward 
   Forward                                           Time % Phy DF OF 
 1 Jordan Staal                                      60     1   2  2  
 2 Noel Acciari                                      40     1   2  2  

Penalty Kill - 3 Players Defense
   Defense                  Defense                  Time % Phy DF OF 
 1 Roman Josi               Drew Doughty             60     1   2  2  
 2 Noah Hanifin             Shea Theodore            40     1   2  2  

4 vs 4 Forward 
   Center                   Wing                     Time % Phy DF OF 
 1 Eric Staal               Brad Marchand            60     1   2  2  
 2 Jordan Staal             Alex Killorn             40     1   2  2  

4 vs 4 Defense
   Defense                  Defense                  Time % Phy DF OF 
 1 Roman Josi               Drew Doughty             60     1   2  2  
 2 Noah Hanifin             Shea Theodore            40     1   2  2  

Last Minutes Offensive
   Center                   Left Wing                Right Wing               Defense                  Defense                  
   Matt Duchene             Brad Marchand            Phil Kessel              Roman Josi               Drew Doughty             

Last Minutes Defensive
   Center                   Left Wing                Right Wing               Defense                  Defense                  
   Jordan Staal             Brad Marchand            Charlie Coyle            Roman Josi               Drew Doughty             

Goaltenders
Starting : Alex Stalock             
Backup : Tuukka Rask              

Extra Forwards
Normal : Jordan Staal, James van Riemsdyk, Carl Hagelin - PP : Jordan Staal, James van Riemsdyk - PK : Carl Hagelin
Extra Defensemen
Normal : Marco Scandella, Matt Grzelcyk, Noah Hanifin - PP : Marco Scandella - PK : Matt Grzelcyk, Noah Hanifin
Penalty Shots
Matt Duchene, Charlie Coyle, Ondrej Kase, Brad Marchand, James van Riemsdyk

Scratches
None

PHILADELPHIA

5 vs 5 Forward 
   Center                   Left Wing                Right Wing               Time % Phy DF OF 
 1 Anthony Cirelli          Andre Burakovsky         Nikita Gusev             35     1   2  2  
 2 Valtteri Filppula        Tyler Ennis              Richard Panik            30     1   2  2  
 3 Jack Hughes              Otto Koivula             Tyler Pitlick            25     1   2  2  
 4 Andy Andreoff            Lias Andersson           Eeli Tolvanen            10     1   2  2  

5 vs 5 Defense 
   Defense                  Defense                                           Time % Phy DF OF 
 1 Adam Pelech              Travis Sanheim                                    35     1   2  2  
 2 Erik Gudbranson          Michael Stone                                     30     1   2  2  
 3 Korbinian Holzer         Mikko Lehtonen                                    25     1   2  2  
 4 Adam Pelech              Travis Sanheim                                    10     1   2  2  

PowerPlay Forward 
   Center                   Left Wing                Right Wing               Time % Phy DF OF 
 1 Anthony Cirelli          Andre Burakovsky         Nikita Gusev             60     1   2  2  
 2 Valtteri Filppula        Tyler Ennis              Richard Panik            40     1   2  2  

PowerPlay Defense
   Defense                  Defense                                           Time % Phy DF OF 
 1 Adam Pelech              Travis Sanheim                                    60     1   2  2  
 2 Erik Gudbranson          Michael Stone                                     40     1   2  2  

Penalty Kill 4 Players Forward 
   Center                   Wing                     Time % Phy DF OF 
 1 Anthony Cirelli          Andre Burakovsky         60     1   2  2  
 2 Nikita Gusev             Valtteri Filppula        40     1   2  2  

Penalty Kill 4 Players Defense
   Defense                  Defense                  Time % Phy DF OF 
 1 Adam Pelech              Travis Sanheim           60     1   2  2  
 2 Erik Gudbranson          Michael Stone            40     1   2  2  

Penalty Kill - 3 Players Forward 
   Forward                                           Time % Phy DF OF 
 1 Anthony Cirelli                                   60     1   2  2  
 2 Andre Burakovsky                                  40     1   2  2  

Penalty Kill - 3 Players Defense
   Defense                  Defense                  Time % Phy DF OF 
 1 Adam Pelech              Travis Sanheim           60     1   2  2  
 2 Erik Gudbranson          Michael Stone            40     1   2  2  

4 vs 4 Forward 
   Center                   Wing                     Time % Phy DF OF 
 1 Anthony Cirelli          Andre Burakovsky         60     1   2  2  
 2 Nikita Gusev             Valtteri Filppula        40     1   2  2  

4 vs 4 Defense
   Defense                  Defense                  Time % Phy DF OF 
 1 Adam Pelech              Travis Sanheim           60     1   2  2  
 2 Erik Gudbranson          Michael Stone            40     1   2  2  

Last Minutes Offensive
   Center                   Left Wing                Right Wing               Defense                  Defense                  
   Anthony Cirelli          Andre Burakovsky         Nikita Gusev             Adam Pelech              Travis Sanheim           

Last Minutes Defensive
   Center                   Left Wing                Right Wing               Defense                  Defense                  
   Anthony Cirelli          Andre Burakovsky         Nikita Gusev             Adam Pelech              Travis Sanheim           

Goaltenders
Starting : Anthony Stolarz          
Backup : Brian Elliott            

Extra Forwards
Normal : Tyler Pitlick, Jack Hughes, Andy Andreoff - PP : Tyler Pitlick, Jack Hughes - PK : Andy Andreoff
Extra Defensemen
Normal : Korbinian Holzer, Mikko Lehtonen, Erik Gudbranson - PP : Korbinian Holzer - PK : Mikko Lehtonen, Erik Gudbranson
Penalty Shots
Anthony Cirelli, Andre Burakovsky, Nikita Gusev, Valtteri Filppula, Tyler Ennis

Scratches
Henrik Zetterberg (Healthy), Mathias Brome (Healthy), PHI Cap Hit (Suspend)

% Time on Ice - BUFFALO

Lines # - Real PCT - Wanted PCT - Time Play
Normal Forward
1 - 32% - 35% - 15:30
2 - 28% - 30% - 13:15
3 - 24% - 25% - 11:17
4 - 16% - 10% - 7:46
Normal Defense
1 - 33% - 35% - 15:52
2 - 30% - 30% - 14:26
3 - 31% - 25% - 15:02
4 - 5% - 10% - 2:28
PP Forward
1 - 62% - 60% - 3:00
2 - 38% - 40% - 1:52
PP Defense
1 - 58% - 60% - 2:49
2 - 42% - 40% - 2:03
PK Forward
1 - 84% - 60% - 4:31
2 - 16% - 40% - 0:50
PK Defense
1 - 65% - 60% - 3:29
2 - 35% - 40% - 1:52
PK3 Forward
1 - 0% - 60%
2 - 0% - 40%
PK3 Defense
1 - 0% - 60%
2 - 0% - 40%
44 Forward
1 - 100% - 60% - 1:59
2 - 0% - 40% - 0:00
44 Defense
1 - 69% - 60% - 1:22
2 - 31% - 40% - 0:37
Last Minute Offensive  - 0:00
Last Minute Defensive  - 0:00
Total
Forward - 60:00
Defense - 60:00

% Time on Ice - PHILADELPHIA

Lines # - Real PCT - Wanted PCT - Time Play
Normal Forward
1 - 31% - 35% - 14:57
2 - 27% - 30% - 13:07
3 - 25% - 25% - 11:46
4 - 17% - 10% - 7:58
Normal Defense
1 - 33% - 35% - 15:35
2 - 34% - 30% - 16:24
3 - 29% - 25% - 13:57
4 - 4% - 10% - 1:52
PP Forward
1 - 55% - 60% - 2:58
2 - 45% - 40% - 2:23
PP Defense
1 - 60% - 60% - 3:14
2 - 40% - 40% - 2:07
PK Forward
1 - 72% - 60% - 3:31
2 - 28% - 40% - 1:21
PK Defense
1 - 49% - 60% - 2:24
2 - 51% - 40% - 2:28
PK3 Forward
1 - 0% - 60%
2 - 0% - 40%
PK3 Defense
1 - 0% - 60%
2 - 0% - 40%
44 Forward
1 - 71% - 60% - 1:25
2 - 29% - 40% - 0:34
44 Defense
1 - 40% - 60% - 0:48
2 - 60% - 40% - 1:11
Last Minute Offensive  - 0:00
Last Minute Defensive  - 0:00
Total
Forward - 60:00
Defense - 60:00

Play-by-Play

1st period


0:01 of 1st period - Matt Duchene wins face-off versus Anthony Cirelli in neutral zone.
0:15 of 1st period - Phil Kessel is hit by Adam Pelech and loses puck.
1:28 of 1st period - Shot by Tyler Ennis.
1:28 of 1st period - Stopped by Alex Stalock without a rebound.
1:29 of 1st period - Eric Staal wins face-off versus Jack Hughes in BUFFALO zone.
1:29 of 1st period - Eric Staal is hit by Tyler Pitlick.
1:43 of 1st period - Shot by Alex Killorn.
1:43 of 1st period - Shot Misses the Net.
1:45 of 1st period - Shot by Matt Grzelcyk.
1:45 of 1st period - Goal by Matt Grzelcyk - BUFFALO : 1 - PHILADELPHIA : 0.
1:46 of 1st period - Noel Acciari wins face-off versus Eeli Tolvanen in neutral zone.
2:13 of 1st period - Shot by Frank Vatrano.
2:13 of 1st period - Shot Blocked by Michael Stone.
2:15 of 1st period - Shot by Ondrej Kase.
2:15 of 1st period - Stopped by Anthony Stolarz with a rebound.
2:17 of 1st period - Shot by Roman Josi.
2:17 of 1st period - Shot Blocked by Michael Stone.
2:19 of 1st period - Shot by Noel Acciari.
2:19 of 1st period - Deflect By Ondrej Kase.
2:19 of 1st period - Shot Misses the Net.
2:25 of 1st period - Shot by Frank Vatrano.
2:25 of 1st period - Shot Misses the Net.
2:27 of 1st period - Shot by Noel Acciari.
2:27 of 1st period - Stopped by Anthony Stolarz without a rebound.
2:28 of 1st period - Eric Staal wins face-off versus Jack Hughes in PHILADELPHIA zone.
2:33 of 1st period - Shot by Carl Hagelin.
2:33 of 1st period - Shot Misses the Net.
2:56 of 1st period - Shot by Jack Hughes.
2:56 of 1st period - Stopped by Alex Stalock without a rebound.
2:57 of 1st period - Jordan Staal wins face-off versus Valtteri Filppula in BUFFALO zone.
3:01 of 1st period - Icing by Shea Theodore.
3:02 of 1st period - Jordan Staal wins face-off versus Valtteri Filppula in BUFFALO zone.
3:15 of 1st period - Shot by James van Riemsdyk.
3:15 of 1st period - Shot Blocked by Adam Pelech.
3:21 of 1st period - Shot by Tyler Ennis.
3:21 of 1st period - Shot Blocked by Noah Hanifin.
3:23 of 1st period - Shot by Travis Sanheim.
3:23 of 1st period - Goal by Travis Sanheim - BUFFALO : 1 - PHILADELPHIA : 1.
3:24 of 1st period - Matt Duchene wins face-off versus Anthony Cirelli in neutral zone.
3:44 of 1st period - Minor Penalty to Korbinian Holzer for Cross-checking.
3:45 of 1st period - Eric Staal wins face-off versus Anthony Cirelli in PHILADELPHIA zone.
3:45 of 1st period - Eric Staal is hit by Adam Pelech.
3:49 of 1st period - Shot by Eric Staal.
3:49 of 1st period - Stopped by Anthony Stolarz without a rebound.
3:50 of 1st period - Brad Marchand wins face-off versus Anthony Cirelli in PHILADELPHIA zone.
4:19 of 1st period - Andre Burakovsky is hit by Brad Marchand and loses puck.
4:45 of 1st period - Icing by Charlie Coyle.
4:46 of 1st period - Eric Staal wins face-off versus Nikita Gusev in BUFFALO zone.
5:35 of 1st period - Michael Stone is hit by Brad Marchand.
5:47 of 1st period - Shot by Frank Vatrano.
5:47 of 1st period - Shot Misses the Net.
6:13 of 1st period - Shot by Ondrej Kase.
6:13 of 1st period - Stopped by Anthony Stolarz with a rebound.
6:54 of 1st period - Icing by Drew Doughty.
6:55 of 1st period - Valtteri Filppula wins face-off versus Alex Killorn in BUFFALO zone.
8:24 of 1st period - Matt Duchene is hit by Adam Pelech and loses puck.
9:04 of 1st period - Shot by Jack Hughes.
9:04 of 1st period - Deflect By Tyler Pitlick.
9:04 of 1st period - Stopped by Alex Stalock without a rebound.
9:05 of 1st period - Lias Andersson wins face-off versus Jordan Staal in BUFFALO zone.
9:05 of 1st period - Lias Andersson is hit by Marco Scandella.
10:52 of 1st period - Shot by Tyler Ennis.
10:52 of 1st period - Stopped by Alex Stalock without a rebound.
10:53 of 1st period - Eric Staal wins face-off versus Jack Hughes in BUFFALO zone.
11:28 of 1st period - Shot by Eric Staal.
11:28 of 1st period - Stopped by Anthony Stolarz without a rebound.
11:29 of 1st period - Anthony Cirelli wins face-off versus Matt Duchene in PHILADELPHIA zone.
11:42 of 1st period - Shot by Nikita Gusev.
11:42 of 1st period - Shot Misses the Net.
12:07 of 1st period - Icing by Matt Duchene.
12:08 of 1st period - Matt Duchene wins face-off versus Valtteri Filppula in BUFFALO zone.
12:08 of 1st period - Matt Duchene is hit by Tyler Ennis.
12:13 of 1st period - Minor Penalty to Valtteri Filppula for Roughing.
12:13 of 1st period - Minor Penalty to Brad Marchand for Hooking.
12:14 of 1st period - Anthony Cirelli wins face-off versus Eric Staal in neutral zone.
12:27 of 1st period - Shot by Anthony Cirelli.
12:27 of 1st period - Stopped by Alex Stalock without a rebound.
12:28 of 1st period - Eric Staal wins face-off versus Anthony Cirelli in BUFFALO zone.
13:13 of 1st period - Shot by Nikita Gusev.
13:13 of 1st period - Shot Blocked by Drew Doughty.
13:35 of 1st period - Shot by Tyler Pitlick.
13:35 of 1st period - Stopped by Alex Stalock without a rebound.
13:36 of 1st period - James van Riemsdyk wins face-off versus Anthony Cirelli in BUFFALO zone.
14:22 of 1st period - Shot by Brad Marchand.
14:22 of 1st period - Stopped by Anthony Stolarz with a rebound.
14:24 of 1st period - Shot by Phil Kessel.
14:24 of 1st period - Shot Misses the Net.
14:26 of 1st period - Shot by Phil Kessel.
14:26 of 1st period - Shot Misses the Net.
14:28 of 1st period - Shot by Matt Grzelcyk.
14:28 of 1st period - Stopped by Anthony Stolarz with a rebound.
14:34 of 1st period - Shot by Brad Marchand.
14:34 of 1st period - Stopped by Anthony Stolarz without a rebound.
14:35 of 1st period - Noel Acciari wins face-off versus Jack Hughes in PHILADELPHIA zone.
14:43 of 1st period - Off-side.
14:44 of 1st period - Phil Kessel wins face-off versus Jack Hughes in neutral zone.
15:05 of 1st period - Shot by Brad Marchand.
15:05 of 1st period - Stopped by Anthony Stolarz without a rebound.
15:06 of 1st period - Jordan Staal wins face-off versus Valtteri Filppula in PHILADELPHIA zone.
15:23 of 1st period - Shot by James van Riemsdyk.
15:23 of 1st period - Stopped by Anthony Stolarz without a rebound.
15:24 of 1st period - Jack Hughes wins face-off versus Matt Duchene in PHILADELPHIA zone.
15:50 of 1st period - Shot by Phil Kessel.
15:50 of 1st period - Stopped by Anthony Stolarz with a rebound.
15:52 of 1st period - Shot by Noah Hanifin.
15:52 of 1st period - Shot Misses the Net.
15:58 of 1st period - Shot by Brad Marchand.
15:58 of 1st period - Shot Misses the Net.
16:00 of 1st period - Shot by Phil Kessel.
16:00 of 1st period - Stopped by Anthony Stolarz without a rebound.
16:01 of 1st period - Jordan Staal wins face-off versus Anthony Cirelli in PHILADELPHIA zone.
16:26 of 1st period - Shot by Andre Burakovsky.
16:26 of 1st period - Shot Misses the Net.
17:09 of 1st period - Valtteri Filppula is hit by Marco Scandella and loses puck.
17:56 of 1st period - Icing by Shea Theodore.
17:57 of 1st period - Matt Duchene wins face-off versus Jack Hughes in BUFFALO zone.
17:57 of 1st period - Matt Duchene is hit by Tyler Pitlick.
18:33 of 1st period - Icing by Matt Duchene.
18:34 of 1st period - Matt Duchene wins face-off versus Anthony Cirelli in BUFFALO zone.
19:55 of 1st period - Shot by Andy Andreoff.
19:55 of 1st period - Stopped by Alex Stalock with a rebound.
Goals for this period are 1 for BUFFALO vs 1 for PHILADELPHIA.
Shots for this period are 13 for BUFFALO vs 8 for PHILADELPHIA.

2nd period


0:01 of 2nd period - Anthony Cirelli wins face-off versus Jordan Staal in neutral zone.
0:29 of 2nd period - Shot by Jordan Staal.
0:29 of 2nd period - Deflect By James van Riemsdyk.
0:29 of 2nd period - Stopped by Anthony Stolarz with a rebound.
1:00 of 2nd period - Adam Pelech is hit by Brad Marchand and loses puck.
1:15 of 2nd period - Shot by Phil Kessel.
1:15 of 2nd period - Stopped by Anthony Stolarz without a rebound.
1:16 of 2nd period - Eric Staal wins face-off versus Valtteri Filppula in PHILADELPHIA zone.
1:45 of 2nd period - Shot by Michael Stone.
1:45 of 2nd period - Shot Misses the Net.
2:34 of 2nd period - Shot by Tyler Pitlick.
2:34 of 2nd period - Stopped by Alex Stalock without a rebound.
2:35 of 2nd period - Andy Andreoff wins face-off versus Jordan Staal in BUFFALO zone.
3:09 of 2nd period - Icing by Korbinian Holzer.
3:10 of 2nd period - Matt Duchene wins face-off versus Andy Andreoff in PHILADELPHIA zone.
3:15 of 2nd period - Shot by Brad Marchand.
3:15 of 2nd period - Shot Misses the Net.
3:30 of 2nd period - Icing by Roman Josi.
3:31 of 2nd period - Anthony Cirelli wins face-off versus Matt Duchene in BUFFALO zone.
3:47 of 2nd period - Shot by Andre Burakovsky.
3:47 of 2nd period - Stopped by Alex Stalock with a rebound.
3:51 of 2nd period - Shot by Anthony Cirelli.
3:51 of 2nd period - Goal by Anthony Cirelli - BUFFALO : 1 - PHILADELPHIA : 2.
3:52 of 2nd period - Eric Staal wins face-off versus Valtteri Filppula in neutral zone.
3:52 of 2nd period - Eric Staal is hit by Richard Panik.
4:05 of 2nd period - Michael Stone is hit by Alex Killorn and loses puck.
5:10 of 2nd period - Shot by Andre Burakovsky.
5:10 of 2nd period - Shot Misses the Net.
5:27 of 2nd period - Icing by Mikko Lehtonen.
5:28 of 2nd period - Matt Duchene wins face-off versus Jack Hughes in PHILADELPHIA zone.
5:30 of 2nd period - Brad Marchand is hit by Mikko Lehtonen and loses puck.
5:40 of 2nd period - Minor Penalty to Tyler Pitlick for Hooking.
5:41 of 2nd period - Anthony Cirelli wins face-off versus Brad Marchand in PHILADELPHIA zone.
5:56 of 2nd period - Shot by Phil Kessel.
5:56 of 2nd period - Goal by Phil Kessel - BUFFALO : 2 - PHILADELPHIA : 2.
5:57 of 2nd period - Jordan Staal wins face-off versus Valtteri Filppula in neutral zone.
7:03 of 2nd period - Minor Penalty to Roman Josi for Slashing.
7:04 of 2nd period - Jordan Staal wins face-off versus Anthony Cirelli in BUFFALO zone.
7:15 of 2nd period - Noah Hanifin is hit by Andre Burakovsky and loses puck.
7:20 of 2nd period - Shot by Anthony Cirelli.
7:20 of 2nd period - Stopped by Alex Stalock with a rebound.
7:22 of 2nd period - Shot by Nikita Gusev.
7:22 of 2nd period - Shot Misses the Net.
7:30 of 2nd period - Shot by Nikita Gusev.
7:30 of 2nd period - Shot Blocked by Drew Doughty.
7:48 of 2nd period - Shot by Adam Pelech.
7:48 of 2nd period - Shot Misses the Net.
8:04 of 2nd period - Shot by Adam Pelech.
8:04 of 2nd period - Shot Misses the Net.
8:06 of 2nd period - Shot by Tyler Ennis.
8:06 of 2nd period - Stopped by Alex Stalock with a rebound.
8:12 of 2nd period - Shot by Travis Sanheim.
8:12 of 2nd period - Stopped by Alex Stalock without a rebound.
8:13 of 2nd period - Jordan Staal wins face-off versus Anthony Cirelli in BUFFALO zone.
8:24 of 2nd period - Shot by Travis Sanheim.
8:24 of 2nd period - Shot Misses the Net.
8:26 of 2nd period - Shot by Anthony Cirelli.
8:26 of 2nd period - Goal by Anthony Cirelli - BUFFALO : 2 - PHILADELPHIA : 3.
8:27 of 2nd period - Jack Hughes wins face-off versus Noel Acciari in neutral zone.
8:34 of 2nd period - Shot by Jack Hughes.
8:34 of 2nd period - Shot Blocked by Marco Scandella.
9:45 of 2nd period - Minor Penalty to Erik Gudbranson for Tripping.
9:46 of 2nd period - Eric Staal wins face-off versus Anthony Cirelli in PHILADELPHIA zone.
12:11 of 2nd period - Shot by Eric Staal.
12:11 of 2nd period - Stopped by Anthony Stolarz with a rebound.
13:16 of 2nd period - Off-side.
13:17 of 2nd period - Jordan Staal wins face-off versus Nikita Gusev in neutral zone.
13:24 of 2nd period - Shot by James van Riemsdyk.
13:24 of 2nd period - Deflect By Jordan Staal.
13:24 of 2nd period - Shot Blocked by Travis Sanheim.
13:48 of 2nd period - Shot by Anthony Cirelli.
13:48 of 2nd period - Shot Misses the Net.
14:07 of 2nd period - Off-side.
14:08 of 2nd period - Matt Duchene wins face-off versus Jack Hughes in neutral zone.
14:35 of 2nd period - Shot by Jack Hughes.
14:35 of 2nd period - Shot Blocked by Matt Grzelcyk.
15:01 of 2nd period - Shot by Richard Panik.
15:01 of 2nd period - Shot Misses the Net.
15:03 of 2nd period - Shot by Michael Stone.
15:03 of 2nd period - Shot Blocked by Marco Scandella.
15:10 of 2nd period - Icing by Matt Grzelcyk.
15:11 of 2nd period - Matt Duchene wins face-off versus Anthony Cirelli in BUFFALO zone.
15:17 of 2nd period - Minor Penalty to Brad Marchand for Roughing.
15:18 of 2nd period - Jordan Staal wins face-off versus Anthony Cirelli in BUFFALO zone.
15:38 of 2nd period - Andre Burakovsky is hit by Drew Doughty and loses puck.
17:17 of 2nd period - Shot by Andre Burakovsky.
17:17 of 2nd period - Stopped by Alex Stalock with a rebound.
17:19 of 2nd period - Shot by Otto Koivula.
17:19 of 2nd period - Stopped by Alex Stalock with a rebound.
17:21 of 2nd period - Shot by Otto Koivula.
17:21 of 2nd period - Shot Misses the Net.
17:47 of 2nd period - Shot by Jack Hughes.
17:47 of 2nd period - Stopped by Alex Stalock with a rebound.
18:57 of 2nd period - Icing by Lias Andersson.
18:58 of 2nd period - Eric Staal wins face-off versus Andy Andreoff in PHILADELPHIA zone.
19:10 of 2nd period - Icing by Shea Theodore.
19:11 of 2nd period - Eric Staal wins face-off versus Anthony Cirelli in BUFFALO zone.
Goals for this period are 1 for BUFFALO vs 2 for PHILADELPHIA.
Shots for this period are 4 for BUFFALO vs 10 for PHILADELPHIA.

3rd period


0:01 of 3rd period - Anthony Cirelli wins face-off versus Matt Duchene in neutral zone.
0:11 of 3rd period - Icing by Brad Marchand.
0:12 of 3rd period - Matt Duchene wins face-off versus Valtteri Filppula in BUFFALO zone.
0:12 of 3rd period - Matt Duchene is hit by Richard Panik.
0:15 of 3rd period - Icing by Roman Josi.
0:16 of 3rd period - Matt Duchene wins face-off versus Anthony Cirelli in BUFFALO zone.
0:20 of 3rd period - Brad Marchand is hit by Anthony Cirelli and loses puck.
0:30 of 3rd period - Off-side.
0:31 of 3rd period - Richard Panik wins face-off versus Jordan Staal in neutral zone.
1:26 of 3rd period - Jordan Staal is hit by Nikita Gusev and loses puck.
2:14 of 3rd period - Icing by Korbinian Holzer.
2:15 of 3rd period - Matt Duchene wins face-off versus Jack Hughes in PHILADELPHIA zone.
3:27 of 3rd period - Valtteri Filppula is hit by Matt Grzelcyk.
3:52 of 3rd period - Icing by Matt Grzelcyk.
3:53 of 3rd period - Eric Staal wins face-off versus Anthony Cirelli in BUFFALO zone.
4:07 of 3rd period - Anthony Cirelli is hit by Frank Vatrano and loses puck.
4:14 of 3rd period - Shot by Noel Acciari.
4:14 of 3rd period - Shot Misses the Net.
4:16 of 3rd period - Shot by Frank Vatrano.
4:16 of 3rd period - Shot Misses the Net.
4:18 of 3rd period - Shot by Ondrej Kase.
4:18 of 3rd period - Stopped by Anthony Stolarz without a rebound.
4:19 of 3rd period - Matt Duchene wins face-off versus Jack Hughes in PHILADELPHIA zone.
4:50 of 3rd period - Shot by Jack Hughes.
4:50 of 3rd period - Stopped by Alex Stalock without a rebound.
4:51 of 3rd period - Noel Acciari wins face-off versus Anthony Cirelli in BUFFALO zone.
4:57 of 3rd period - Minor Penalty to Noel Acciari for Cross-checking.
4:58 of 3rd period - Anthony Cirelli wins face-off versus Jordan Staal in BUFFALO zone.
5:09 of 3rd period - Shot by Andre Burakovsky.
5:09 of 3rd period - Shot Misses the Net.
5:21 of 3rd period - Shot by Adam Pelech.
5:21 of 3rd period - Shot Misses the Net.
5:31 of 3rd period - Shot by Adam Pelech.
5:31 of 3rd period - Shot Blocked by Drew Doughty.
5:33 of 3rd period - Shot by Andre Burakovsky.
5:33 of 3rd period - Shot Blocked by Drew Doughty.
5:35 of 3rd period - Shot by Anthony Cirelli.
5:35 of 3rd period - Shot Misses the Net.
5:37 of 3rd period - Shot by Anthony Cirelli.
5:37 of 3rd period - Shot Misses the Net.
6:09 of 3rd period - Shot by Tyler Ennis.
6:09 of 3rd period - Stopped by Alex Stalock without a rebound.
6:10 of 3rd period - Valtteri Filppula wins face-off versus Eric Staal in BUFFALO zone.
6:19 of 3rd period - Shot by Tyler Ennis.
6:19 of 3rd period - Shot Misses the Net.
6:21 of 3rd period - Shot by Travis Sanheim.
6:21 of 3rd period - Shot Misses the Net.
6:23 of 3rd period - Shot by Adam Pelech.
6:23 of 3rd period - Shot Hit the Post.
6:54 of 3rd period - Icing by Anthony Cirelli.
6:55 of 3rd period - Jordan Staal wins face-off versus Anthony Cirelli in PHILADELPHIA zone.
7:21 of 3rd period - Shot by Tyler Pitlick.
7:21 of 3rd period - Shot Misses the Net.
7:23 of 3rd period - Shot by Korbinian Holzer.
7:23 of 3rd period - Stopped by Alex Stalock without a rebound.
7:24 of 3rd period - Jordan Staal wins face-off versus Anthony Cirelli in BUFFALO zone.
7:31 of 3rd period - Icing by Anthony Cirelli.
7:32 of 3rd period - Matt Duchene wins face-off versus Anthony Cirelli in PHILADELPHIA zone.
7:57 of 3rd period - Shot by Phil Kessel.
7:57 of 3rd period - Stopped by Anthony Stolarz with a rebound.
8:47 of 3rd period - Shot by Jordan Staal.
8:47 of 3rd period - Stopped by Anthony Stolarz without a rebound.
8:48 of 3rd period - Valtteri Filppula wins face-off versus Eric Staal in PHILADELPHIA zone.
8:48 of 3rd period - Valtteri Filppula is hit by Alex Killorn.
9:18 of 3rd period - Carl Hagelin is hit by Adam Pelech and loses puck.
10:25 of 3rd period - Icing by Noel Acciari.
10:26 of 3rd period - Noel Acciari wins face-off versus Andy Andreoff in BUFFALO zone.
11:17 of 3rd period - Shot by Anthony Cirelli.
11:17 of 3rd period - Stopped by Alex Stalock without a rebound.
11:18 of 3rd period - Charlie Coyle wins face-off versus Jack Hughes in BUFFALO zone.
11:26 of 3rd period - Icing by James van Riemsdyk.
11:27 of 3rd period - Jordan Staal wins face-off versus Anthony Cirelli in BUFFALO zone.
11:27 of 3rd period - Jordan Staal is hit by Andre Burakovsky.
12:05 of 3rd period - Shot by James van Riemsdyk.
12:05 of 3rd period - Deflect By Charlie Coyle.
12:05 of 3rd period - Stopped by Anthony Stolarz without a rebound.
12:06 of 3rd period - Valtteri Filppula wins face-off versus Phil Kessel in PHILADELPHIA zone.
12:50 of 3rd period - Icing by Valtteri Filppula.
12:51 of 3rd period - Valtteri Filppula wins face-off versus Eric Staal in PHILADELPHIA zone.
13:32 of 3rd period - Shot by Anthony Cirelli.
13:32 of 3rd period - Shot Misses the Net.
13:38 of 3rd period - Shot by Nikita Gusev.
13:38 of 3rd period - Stopped by Alex Stalock with a rebound.
13:48 of 3rd period - Mikko Lehtonen is hit by Carl Hagelin and loses puck.
13:58 of 3rd period - Jack Hughes is hit by Noah Hanifin and loses puck.
14:07 of 3rd period - Shot by Tyler Pitlick.
14:07 of 3rd period - Stopped by Alex Stalock with a rebound.
14:09 of 3rd period - Shot by Korbinian Holzer.
14:09 of 3rd period - Shot Misses the Net.
14:11 of 3rd period - Shot by Otto Koivula.
14:11 of 3rd period - Stopped by Alex Stalock with a rebound.
14:13 of 3rd period - Shot by Tyler Pitlick.
14:13 of 3rd period - Deflect By Jack Hughes.
14:13 of 3rd period - Shot Misses the Net.
14:15 of 3rd period - Shot by Jack Hughes.
14:15 of 3rd period - Stopped by Alex Stalock without a rebound.
14:16 of 3rd period - Andy Andreoff wins face-off versus Charlie Coyle in BUFFALO zone.
15:16 of 3rd period - Shot by Brad Marchand.
15:16 of 3rd period - Stopped by Anthony Stolarz with a rebound.
15:51 of 3rd period - Icing by Erik Gudbranson.
15:52 of 3rd period - Noel Acciari wins face-off versus Valtteri Filppula in PHILADELPHIA zone.
16:11 of 3rd period - Shot by Noel Acciari.
16:11 of 3rd period - Deflect By Ondrej Kase.
16:11 of 3rd period - Shot Misses the Net.
16:13 of 3rd period - Shot by Noel Acciari.
16:13 of 3rd period - Stopped by Anthony Stolarz without a rebound.
16:14 of 3rd period - Andre Burakovsky wins face-off versus Jordan Staal in PHILADELPHIA zone.
16:22 of 3rd period - Nikita Gusev is hit by Noah Hanifin and loses puck.
16:28 of 3rd period - Icing by Jordan Staal.
16:29 of 3rd period - Otto Koivula wins face-off versus Charlie Coyle in BUFFALO zone.
16:29 of 3rd period - Jack Hughes is hit by Noah Hanifin and loses puck.
16:41 of 3rd period - Noah Hanifin is hit by Tyler Pitlick and loses puck.
16:52 of 3rd period - Shot by Jordan Staal.
16:52 of 3rd period - Shot Misses the Net.
16:56 of 3rd period - Shot by Charlie Coyle.
16:56 of 3rd period - Stopped by Anthony Stolarz without a rebound.
16:57 of 3rd period - Matt Duchene wins face-off versus Andre Burakovsky in PHILADELPHIA zone.
17:11 of 3rd period - Off-side.
17:12 of 3rd period - Valtteri Filppula wins face-off versus Eric Staal in neutral zone.
17:33 of 3rd period - Shot by Alex Killorn.
17:33 of 3rd period - Stopped by Anthony Stolarz without a rebound.
17:34 of 3rd period - Nikita Gusev wins face-off versus Charlie Coyle in PHILADELPHIA zone.
17:34 of 3rd period - Nikita Gusev is hit by Charlie Coyle.
18:16 of 3rd period - Icing by Travis Sanheim.
18:17 of 3rd period - Anthony Cirelli wins face-off versus Matt Duchene in PHILADELPHIA zone.
18:43 of 3rd period - Shot by Valtteri Filppula.
18:43 of 3rd period - Goal by Valtteri Filppula - BUFFALO : 2 - PHILADELPHIA : 4.
18:44 of 3rd period - Eric Staal wins face-off versus Jack Hughes in neutral zone.
19:04 of 3rd period - Shot by Otto Koivula.
19:04 of 3rd period - Stopped by Alex Stalock without a rebound.
19:05 of 3rd period - Valtteri Filppula wins face-off versus Jordan Staal in BUFFALO zone.
19:10 of 3rd period - Shot by Tyler Ennis.
19:10 of 3rd period - Stopped by Alex Stalock with a rebound.
19:12 of 3rd period - Shot by Erik Gudbranson.
19:12 of 3rd period - Deflect By Richard Panik.
19:12 of 3rd period - Stopped by Alex Stalock without a rebound.
19:13 of 3rd period - Richard Panik wins face-off versus Matt Duchene in BUFFALO zone.
19:21 of 3rd period - Minor Penalty to Tyler Ennis for Hooking.
19:22 of 3rd period - Matt Duchene wins face-off versus Anthony Cirelli in PHILADELPHIA zone.
Goals for this period are 0 for BUFFALO vs 1 for PHILADELPHIA.
Shots for this period are 8 for BUFFALO vs 12 for PHILADELPHIA.